 Dungeon Crawl Stone Soup version 0.24-a0-441-g27f0392e16 (webtiles) character file.

Game seed: 8244296270317516198

51 HAL9000 the Insei (level 3, 0/28 HPs)
             Began as a Draconian Transmuter on June 20, 2019.
             Slain by an orc
             ... wielding a +0 club
              (5 damage)
             ... on level 3 of the Dungeon.
             The game lasted 00:03:09 (1073 turns).

HAL9000 the Insei (Draconian Transmuter)            Turns: 1073, Time: 00:03:10

Health: 0/28       AC:  5    Str: 11 (12) XL:     3   Next: 57%
Magic:  6/6        EV: 12    Int: 12 (13) God:
Gold:   57         SH:  0    Dex: 10 (12) Spells: 5/6 levels left

rFire    . . .     SeeInvis .     - Unarmed
rCold    . . .     Gourm    .   (no shield)
rNeg     . . .     Faith    .   (armour unavailable)
rPois    .         Spirit   .   (helmet restricted)
rElec    .         Reflect  .   (no cloak)
rCorr    .         Harm     .   (no gloves)
MR       .....                  (no boots)
Stlth    +.........             (no amulet)
HPRegen  0.09/turn              (no ring)
MPRegen  0.10/turn              (no ring)

@: lethally poisoned (0 -> -3), about to teleport, very slightly contaminated
A: unfitting armour, cold-blooded, AC +5
a: no special abilities


You were on level 3 of the Dungeon.
You were not hungry.

You visited 1 branch of the dungeon, and saw 3 of its levels.

You collected 57 gold pieces.

Inventory:

Missiles
 a - 12 arrows
Jewellery
 g - an uncursed ring of ice
Scrolls
 d - a scroll of immolation
 m - a scroll of identify {unknown}
Potions
 b - a potion of resistance {unknown}
 f - a potion of flight {unknown}
 h - a potion of might {unknown}
 j - a potion of haste {unknown}
 k - a potion of invisibility {unknown}
 l - 2 potions of mutation {unknown}
 o - a potion of magic {unknown}
Comestibles
 c - 2 rations
 n - 2 chunks of flesh


   Skills:
 - Level 1.1 Fighting
 - Level 1.7 Dodging
 + Level 4.6 Unarmed Combat
 - Level 2.0 Spellcasting
 - Level 2.0 Transmutations


You had 5 spell levels left.
You knew the following spells:

 Your Spells              Type           Power        Failure   Level  Hunger
a - Beastly Appendage     Tmut           #.....       12%         1    ##.....

Your spell library contained the following spells:

 Spells                   Type           Power        Failure   Level  Hunger
 Sticks to Snakes         Tmut           #.......     19%         2    ###....
 Spider Form              Tmut/Pois      #.........   47%         3    ####...
 Ice Form                 Ice/Tmut       #.......     87%         4    #####..
 Blade Hands              Tmut           #.........   97%         5    ######.


Dungeon Overview and Level Annotations

Branches:
Dungeon (3/15)

Altars:

Annotations:
D:3 Robin


Innate Abilities, Weirdness & Mutations

Your plain brown scales are hard. (AC +5)
You cannot fit into any form of body armour.
You are cold-blooded and may be slowed by cold attacks.


Message History

An orc priest comes into view. It is wielding a +0 hand axe.
The orc priest shouts!
An orc comes into view. It is wielding a +0 club.
The orc shouts!
An orc comes into view. It is wielding a +0 whip.
The orc shouts!
The orc priest hits you with a +0 hand axe.
Unknown command.
As you read the scroll of teleportation, it crumbles to dust.
You feel strangely unstable. The orc hits you but does no damage. x2
The orc priest hits you with a +0 hand axe.
* * * LOW HITPOINT WARNING * * *
Unknown command.
It was a potion of degeneration.
There was something very wrong with that liquid.
You feel weakened.
You feel dopey.
You feel clumsy.
You feel sick. The orc hits you with a +0 whip.
* * * LOW HITPOINT WARNING * * *
The orc hits you with a +0 club.
You die...

# ######
...#....#####
......oo....#
#..o@# #....#
#...#### +...
###


You could see an orc priest and 2 orcs.

Vanquished Creatures
  2 adders
  A gnoll (D:3)
  3 giant cockroaches (D:1)
  8 goblins
  4 bats
  A frilled lizard (D:1)
  5 kobolds
  A rat (D:1)
25 creatures vanquished.

Notes
Turn   | Place    | Note
-------+----------+-------------------------------------------
     0 | D:1      | HAL9000 the Draconian Transmuter began the quest for the
                  | Orb.
     0 | D:1      | Reached XP level 1. HP: 16/16 MP: 3/3
   119 | D:1      | Reached XP level 2. HP: 21/23 MP: 3/5
   681 | D:1      | Reached skill level 4 in Unarmed Combat
   681 | D:1      | Reached XP level 3. HP: 9/28 MP: 4/6
  1062 | D:3      | Noticed Robin
  1073 | D:3      | Slain by an orc

Levels and vault maps discovered:
D:1:      psy_arrival_terrarium, layout_basic, minmay_hexomino_c4
D:2:      layout_basic, uniq_crazy_yiuf_cottage
D:3:      layout_basic, lemuel_doored_altar, uniq_robin, uniq_natasha,
          uniq_jessica

Skill      XL: |  1  2 |
---------------+-------+-----
Unarmed Combat | 4 |  4.6
Fighting       | |  1.1
Dodging        | |  1.7
Spellcasting   | |  2.0
Transmutations | |  2.0

Action                   || total
-------------------------++-------
Melee: Unarmed           ||   102
       Headbutt          ||     4
       Tailslap          ||     5
       Punch             ||     2
       Kick              ||     4
 Cast: Beastly Appendage ||    11
  Use: Scroll            ||     3
       Potion            ||     1
  Eat: Chunk             ||     1
Armor: Skin              ||    43
Dodge: Dodged            ||    93

Table legend:
 A = Non-vault XP
 B = Vault XP
 C = Vault XP percentage of total XP
 D = Non-vault monster count
 E = Vault monster count
 F = Vault count percentage of total count
                 A         B        C        D         E       F
            +---------+---------+-------+---------+---------+-------
      Total |      65 |       8 |  11.0 |      20 |       5 |  20.0
            +---------+---------+-------+---------+---------+-------
        D:1 |      34 |       6 |  15.0 |      14 |       4 |  22.2
        D:2 |      18 |       0 |   0.0 |       5 |       0 |   0.0
        D:3 |      13 |       2 |  13.3 |       1 |       1 |  50.0
            +---------+---------+-------+---------+---------+-------
